 Dungeon Crawl Stone Soup version 0.28.0-53-g5a82cb258f (webtiles) character file.

Game seed: 11585743041872944390

64 bnorton916 the Magician (level 3, -4/19 HPs)
             Began as a Deep Elf Fire Elementalist on June 8, 2022.
             Killed by divine providence
             ... invoked by an orc priest
              (11 damage)
             ... on level 2 of the Dungeon.
             The game lasted 00:02:04 (1940 turns).

bnorton916 the Magician (DEFE)                      Turns: 1940, Time: 00:02:05

Health: -4/19      AC:  2    Str:  5    XL:     3   Next: 91%
Magic:  7/10       EV: 12    Int: 21    God:
Gold:   59         SH:  0    Dex: 15    Spells: 6/10 levels left

rFire   . . .      SeeInvis .   (no weapon)
rCold   . . .      Faith    .   (no shield)
rNeg    . . .      Spirit   .   a - +0 robe
rPois   .          Reflect  .   (no helmet)
rElec   .          Harm     .   (no cloak)
rCorr   .          Rampage  .   (no gloves)
Will    .....                   (no boots)
Stlth   ++........              (no amulet)
HPRegen 0.06/turn               (no ring)
MPRegen 0.12/turn               (no ring)

@: no status effects
A: no striking features
a: no special abilities


You were on level 2 of the Dungeon.
You visited 1 branch of the dungeon, and saw 2 of its levels.

You collected 59 gold pieces.

Inventory:

Missiles
 b - 68 stones
 d - 6 poisoned darts
Armour
 a - a +0 robe (worn)
Scrolls
 c - a scroll of enchant armour {unknown}
 h - a scroll of identify {unknown}
 i - a scroll of noise {unknown}
Potions
 e - a potion of attraction {unknown}
 f - a potion of resistance {unknown}
 g - 2 potions of heal wounds {unknown}
 j - a potion of haste {unknown}


   Skills:
 - Level 2.4 Dodging
 - Level 2.4 Stealth
 + Level 4.0 Spellcasting
 + Level 2.4 Conjurations
 + Level 4.0 Fire Magic
 + Level 1.0 Earth Magic


You had 6 spell levels left.
You knew the following spells:

 Your Spells              Type           Power      Damage    Failure   Level
a - Foxfire               Conj/Fire      68%        2x1d7     3%          1
b - Scorch                Fire           42%        2d7       3%          2
c - Sandblast             Erth           16%        2d6       8%          1

Your spell library contained the following spells:

 Spells                   Type           Power      Damage    Failure   Level
 Conjure Flame            Conj/Fire      17%        6-21      10%         3
 Animate Skeleton         Necr           8%         N/A       12%         1
 Pain                     Necr           16%        1d4       12%         1
 Slow                     Hex            16%        N/A       12%         1
 Passwall                 Tmut/Erth      5%         N/A       14%         2
 Inner Flame              Hex/Fire       12%        N/A       16%         3
 Stone Arrow              Conj/Erth      22%        3d8       17%         3
 Flame Wave               Conj/Fire      17%        2d6       32%         4
 Confusing Touch          Hex            4%         N/A       34%         3
 Vampiric Draining        Necr           4%         2d6       34%         3


Dungeon Overview and Level Annotations

Branches:
Dungeon (2/15)

Altars:

Shops:
D:2 :


Message History

There are monsters nearby! 3 orcs come into view.
Found 6 gold pieces.
The orc priest shouts!
The orc shouts!
The orc priest shouts!
The orc shouts!
The orc priest casts a cantrip, but nothing happens.
Casting: Foxfire (safe; 3% risk of failure)
Confirm with . or Enter, or press ? or * to list all spells.
You conjure some foxfire!
The foxfire hits the orc!
You kill the orc!
The foxfire hits the orc priest.
The orc priest is moderately wounded.
Casting: Foxfire (safe; 3% risk of failure)
Confirm with . or Enter, or press ? or * to list all spells.
You conjure some foxfire!
The foxfire hits the orc priest.
The orc priest is severely wounded.
The foxfire hits the orc priest.
The orc priest is almost dead.
The orc priest invokes the aid of Beogh against you.
Beogh smites you!
Ouch! That really hurt!
Casting: Foxfire (safe; 3% risk of failure)
Confirm with . or Enter, or press ? or * to list all spells.
Flames lash the orc priest.
You kill the orc priest!
Your Spellcasting skill increases to level 4!
Your Fire Magic skill increases to level 4!
Your Earth Magic skill increases to level 1!
Casting: Scorch (safe; 3% risk of failure)
Confirm with . or Enter, or press ? or * to list all spells.
You conjure some foxfire!
The foxfire hits the orc.
The orc is moderately wounded.
The foxfire hits the quokka.
You kill the quokka!
The orc priest calls down the wrath of Beogh upon you.
Beogh smites you!
Ouch! That really hurt!
You die...

#..#########..##.##..###.##.#
#.........###.##.##..#
#.##.##
#...8...8..##.##.##.†#
#......
#.....o....$#........#
####.##
#.....†....r#..#...#.# #.#
#...)).....$#.####.#.# #.##
#..8...8o.##.###....# #...
#...o....###.##..<..#### ###.
#.#########.@......#...# #.
#......o.o..###......#.### #.
####.#.###### ##.........###.
#.#.# ##.......†.... ..#.#
#.###....#### ####.# #.
####.# #.# #. #.# #.# #.# #.#
#.#


You could see an orc priest and an orc.

Vanquished Creatures
  An orc priest (D:2)
  An orc (D:2)
  2 bats
  3 endoplasms (D:1)
  6 hobgoblins
  6 jackals
  A kobold (D:1)
  3 quokkas
  3 ball pythons (D:1)
  2 frilled lizards
  2 rats
30 creatures vanquished.

Vanquished Creatures (others)
  141 foxfires
141 creatures vanquished.

Grand Total: 171 creatures vanquished

Notes
Turn   | Place    | Note
-------+----------+-------------------------------------------
     0 | D:1      | bnorton916 the Deep Elf Fire Elementalist began the quest
                  | for the Orb.
     0 | D:1      | Reached XP level 1. HP: 10/10 MP: 6/6
   347 | D:1      | Reached XP level 2. HP: 8/15 MP: 0/8
   658 | D:1      | Learned a level 2 spell: Scorch
  1417 | D:2      | Learned a level 1 spell: Sandblast
  1621 | D:2      | Found Aribb's Book Shop.
  1705 | D:2      | Reached XP level 3. HP: 19/19 MP: 5/10
  1925 | D:2      | Reached skill level 1 in Earth Magic
  1940 | D:2      | Killed from afar by an orc priest

Illustrated notes

Levels and vault maps discovered:
D:1:      minmay_arrival_shattered_statue, layout_rooms,
          minmay_misc_feat_four_crosses, minmay_statues_item
D:2:      cheibrodos_pilgrimage, layout_loops_ring, serial_shops, shop_statue

Skill      XL: |  1  2  3 |
---------------+----------+-----
Conjurations   | 2 |  2.4
Spellcasting   | 4 |  4.0
Fire Magic     | 4 |  4.0
Earth Magic    | 1 |  1.0
Dodging        | |  2.4
Stealth        | |  2.4

Action                   || total
-------------------------++-------
Melee: Unarmed           ||     6
 Cast: Foxfire           ||    93
       Scorch            ||     2
Armor: Robe              ||     8
Dodge: Dodged            ||    22
